 Dungeon Crawl Stone Soup version 0.17-a0-1637-g5d65775 (webtiles) character file.

85 LilCorpsy the Changer (level 4, -2/38 HPs)
             Began as a Naga Transmuter on Aug 7, 2015.
             Killed by divine providence
             ... invoked by an orc priest
              (14 damage)
             ... on level 3 of the Dungeon.
             The game lasted 00:07:24 (3531 turns).

LilCorpsy the Changer (Naga Transmuter)             Turns: 3531, Time: 00:07:24

Health: -2/38      AC:  2    Str: 13    XL:     4   Next: 48%
Magic:  4/8        EV: 19    Int: 14    God:
Gold:   108        SH:  0    Dex: 16    Spells: 3 memorised, 2 levels left

rFire  . . .     SeeInvis +       - Unarmed
rCold  . . .     Clarity  .     (armour currently unavailable)
rNeg   . . .     SustAt   .     (shield currently unavailable)
rPois  x         Gourm    .     (helmet currently unavailable)
rElec  .         Spirit   .     (cloak currently unavailable)
rCorr  .         Warding  .     (gloves currently unavailable)
rMut   .         Stasis   .     (no barding)
MR     .....                    (no amulet)
Stlth  +.........               (no ring)
                                (no ring)

@: spider-form, not resistant to hostile enchantments, very unstealthy
A: see invisible, (deformed body), (poison resistance), (slowness 0), slow
metabolism 1, spit poison 2, AC +1
a: Spit Poison, End Transformation


You were on level 3 of the Dungeon.
You were very hungry.
You were a venomous arachnid creature.
You visited 1 branch of the dungeon, and saw 3 of its levels.

You collected 108 gold pieces.

Inventory:

Missiles
 a - 12 arrows
Armour
 b - a +0 robe (melded)
Scrolls
 e - a scroll of enchant armour {unknown}
 f - 4 scrolls of identify {unknown}
 g - a scroll of magic mapping {unknown}
 h - a scroll of teleportation {unknown}
 i - a scroll of immolation {unknown}
Books
 c - a book of Changes

   Spells                             Type                      Level
   a - Beastly Appendage              Transmutation                1
   b - Sticks to Snakes               Transmutation                2
   c - Spider Form                    Transmutation/Poison         3
   d - Ice Form                       Ice/Transmutation            4
   e - Blade Hands                    Transmutation                5
Comestibles
 j - 2 fruits


   Skills:
 - Level 1.0 Fighting
 - Level 1.5 Dodging
 - Level 3.0 Unarmed Combat
 + Level 2.7 Spellcasting
 * Level 4.0 Transmutations


You had 2 spell levels left.
You knew the following spells:

 Your Spells              Type           Power        Failure   Level  Hunger
a - Beastly Appendage     Trmt           ##....       14%         1    #......
b - Sticks to Snakes      Trmt           ##........   24%         2    ###....
c - Spider Form           Trmt/Pois      #.........   52%         3    ###....


Dungeon Overview and Level Annotations

Branches:
Dungeon (3/15)

Altars:
Gozag


Innate Abilities, Weirdness & Mutations

You cannot wear boots.
((Your serpentine skin is tough (AC +1).))
You have supernaturally acute eyesight.
((Armour fits poorly on your strangely shaped body.))
((Your system is resistant to poisons.))
((You cover ground very slowly.))
You have a slow metabolism.
You can spit poison.


Message History

The quokka is severely wounded.
The quokka barely misses you. The orc priest hits you with a whip.
The goblin barely misses you.
You hit the quokka.
You kill the quokka!
The orc priest invokes the aid of Beogh against you.
Something smites you!
* * * LOW HITPOINT WARNING * * *
The goblin closely misses you.
You are too injured to fight recklessly!
You are too injured to fight recklessly!
You are too injured to fight recklessly!
It was a potion of curing.
You feel better. The orc priest hits you with a whip.
* * * LOW HITPOINT WARNING * * *
The goblin barely misses you.
You hit the orc priest but do no damage.
The orc priest invokes the aid of Beogh against you.
Something smites you!
You die...

### ##### ..
##...##.#
##.....#.#
#...<..$.####
#...........##
#...†....[....
##........#.#
##...s)..#
##.o)g......
###....#.?.
#....# ##
#....# ##....
#.### .#


You could see an orc priest and a goblin.

Vanquished Creatures
  3 adders (D:2)
  A worm (D:1)
  2 giant geckos
  3 orcs (D:3)
  A ball python (D:2)
  5 bats
  3 giant cockroaches
  4 hobgoblins
  4 quokkas
  4 giant newts
  7 goblins
  8 kobolds
  3 rats
48 creatures vanquished.

Notes
Turn   | Place    | Note
--------------------------------------------------------------
     0 | D:1      | LilCorpsy the Naga Transmuter began the quest for the Orb.
     0 | D:1      | Reached XP level 1. HP: 18/18 MP: 3/3
   600 | D:1      | Reached XP level 2. HP: 4/25 MP: 5/5
  1770 | D:2      | Learned a level 2 spell: Sticks to Snakes
  1833 | D:2      | Reached XP level 3. HP: 29/31 MP: 4/6
  2631 | D:2      | Found an opulent altar of Gozag.
  3023 | D:2      | Reached XP level 4. HP: 17/38 MP: 6/8
  3506 | D:3      | Learned a level 3 spell: Spider Form
  3520 | D:3      | Reached skill level 4 in Transmutations
  3531 | D:3      | Killed from afar by an orc priest

Vault maps used:
D:1:      co_arrival_square_in_a_square_in_a_square, serial_bayou_pond_c,
          kennysheep_small_spiral, minmay_misc_feat_pillars
D:2:      lemuel_round_altar
D:3:      cheibriados_altar_1, uniq_iyjb

Action                   |  1- 3 |  4- 6 || total
-------------------------+-------+-------++-------
Melee: Unarmed           |   179 |    29 ||   208
 Cast: Beastly Appendage |    34 |     3 ||    37
       Spider Form       |       |     2 ||     2
  Use: Scroll            |     1 |       ||     1
       Potion            |       |     1 ||     1
  Eat: Bread ration      |     1 |       ||     1
       Fruit             |       |     2 ||     2
